 Dungeon Crawl Stone Soup version 0.29-a0-613-gf2c431b9b9 (webtiles) character file.

Game seed: 6734481699561278015

7 zeratav the Conjurer (level 2, 0/17 HPs)
             Began as an Octopode Conjurer on June 17, 2022.
             Slain by a quokka (4 damage)
             ... on level 1 of the Dungeon.
             The game lasted 00:00:40 (375 turns).

zeratav the Conjurer (Octopode Conjurer)             Turns: 375, Time: 00:00:40

Health: 0/17       AC:  1    Str:  6    XL:     2   Next: 0%
Magic:  1/5        EV: 13    Int: 20    God:
Gold:   6          SH:  0    Dex: 10    Spells: 4/5 levels left

rFire   . . .      SeeInvis .   b - +0 short sword {short}
rCold   . . .      Faith    .   (no shield)
rNeg    . . .      Spirit   .   (helmet restricted)
rPois   .          Reflect  .   (no amulet)
rElec   .          Harm     .   (no ring)
rCorr   .          Rampage  .   (no ring)
Will    .....                   (no ring)
Stlth   +++.......              (no ring)
HPRegen 0.05/turn               (no ring)
MPRegen 0.09/turn               (no ring)
                                (no ring)
                                (no ring)

@: no status effects
A: almost no armour, amphibious, 8 rings, camouflage 1, gelatinous body 1,
(nimble swimmer 1), tentacles
a: no special abilities


You were on level 1 of the Dungeon.
You visited 1 branch of the dungeon, and saw 1 of its levels.

You collected 6 gold pieces.


Innate Abilities, Weirdness & Mutations

You cannot wear most types of armour.
You are amphibious.
You can wear up to eight rings at the same time.
Your skin changes colour to match your surroundings (Stealth+).
Your rubbery body absorbs attacks. (AC +1, EV +1)
((You are camouflaged when in or above water. (Stealth+)))
You have tentacles for arms and can constrict up to eight enemies at once.


   Skills:
 - Level 2.0 Dodging
 + Level 3.0 Stealth
 + Level 2.1 Spellcasting
 * Level 4.2 Conjurations


You had 4 spell levels left.
You knew the following spells:

 Your Spells              Type           Power      Damage    Failure   Level
a - Magic Dart            Conj           72%        1d6       2%          1

Your spell library contained the following spells:

 Spells                   Type           Power      Damage    Failure   Level
 Searing Ray              Conj           36%        2d5       4%          2
 Dazzling Flash           Conj/Hex       20%        N/A       21%         3
 Ensorcelled Hibernation  Hex/Ice        4%         N/A       24%         2
 Passwall                 Tmut/Erth      1%         N/A       24%         2
 Swiftness                Air            2%         N/A       43%         3
 Fulminant Prism          Conj/Hex       5%         3d7       54%         4
 Iskenderun's Mystic Bla  Conj/Tloc      10%        2d4       54%         4

Inventory:

Hand Weapons
 b - a +0 short sword (weapon) {short}
   (You took it off a kobold on level 1 of the Dungeon)
Potions
 a - a potion of magic

Dungeon Overview and Level Annotations

Branches:
Dungeon (1/15) Zot: 5625

Altars:

... #.##.# ..K #.# .... #.##.#
... #.## ##..#####.#..# .... #..
............###...# ##.#
#.#.###.#........# ####
#..######..........$.....# .§§.#
##.......#...###.#..??.....
≈≈§..##...≈≈≈≈÷.....#..........#
§§§......≈≈≈≈≈≈.@r..r.........##
≈§≈..><..≈≈≈≈≈≈..#B###......[....
≈§≈......≈≈≈≈≈≈..#...............
§§..####..≈≈≈≈...#.###...........
...# ##............#..#####....
.# #.##....#######.# ##..
#.#####.(.....#.. .. ..#
###.....# ..## #..)..#


You could see a quokka, a giant cockroach and a rat.


Message History

You constrict the kobold, but do no damage.
The kobold hits you with a +0 short sword.
* * * LOW HITPOINT WARNING * * *
HP[-5] MP[+1]
You take 5 damage, and now have 3/11 hp.
MASSIVE DAMAGE!! (PAUSE)
You tentacle-slap the kobold but do no damage.
You squeeze the kobold, but do no damage.
You constrict the kobold.
You kill the kobold!
b - a +0 short sword {short}
Things that are here:
2 stones {throwing}; a kobold corpse
b - a +0 short sword (weapon)
{short} A bat comes into view.
HP[+4] MP[+2]
You regained 4 hp, and now have 7/11 hp.
Your mp is fully restored (3).
A bat is nearby!
You are too injured to fight recklessly!
You are too injured to fight recklessly!
Casting: Magic Dart (safe; 3% risk of failure)
Confirm with . or Enter, or press ? or * to list all spells.
Aiming: Magic Dart (safe; 3% risk of failure)
Press: ? - help, Shift-Dir - straight line, f - bat
Aim: a bat (100% to hit)
The magic dart hits the bat.
You kill the bat!
MP[-1]
You lost 1 mp, and now have 2/3 mp.
A rat comes into view.
HP[+4] MP[+1]
Your hp is fully restored (11).
Your mp is fully restored (3).
Unknown command.
A rat is nearby!
The magic dart hits the rat.
You kill the rat!
MP[-1]
You lost 1 mp, and now have 2/3 mp.
You can't see any susceptible monsters within range! (Use Z to cast anyway.)
A hobgoblin comes into view.
MP[+1]
Your mp is fully restored (3).
The magic dart hits the hobgoblin but does no damage.
The hobgoblin shouts!
MP[-1]
You lost 1 mp, and now have 2/3 mp.
The magic dart hits the hobgoblin.
A quokka comes into view.
MP[-1]
You lost 1 mp, and now have 1/3 mp.
The magic dart hits the hobgoblin.
You kill the hobgoblin!
Your Stealth skill increases to level 3!
You have reached level 2!
HP[+6] MP[-1]
You now have 17 max hp (+6).
Your hp is fully restored (17).
You are out of magic!
A kobold and a rat come into view.
A giant cockroach comes into view.
The quokka barely misses you. The quokka bites you.
HP[-3]
You take 3 damage, and now have 14/17 hp.
You miss the quokka. Your grab misses the quokka. The quokka bites you.
HP[-3]
You take 3 damage, and now have 11/17 hp.
You are too injured to fight recklessly!
You are too injured to fight recklessly!
You are too injured to fight recklessly!
You are too injured to fight recklessly!
You are too injured to fight recklessly!
You are too injured to fight recklessly!
You are too injured to fight recklessly!
You are too injured to fight recklessly!
You are too injured to fight recklessly!
You are too injured to fight recklessly!
You are too injured to fight recklessly!
You are too injured to fight recklessly!
You are too injured to fight recklessly!
You are too injured to fight recklessly!
You are too injured to fight recklessly!
You are too injured to fight recklessly!
You are too injured to fight recklessly!
You are too injured to fight recklessly!
The quokka attacks as you move away! The quokka misses you.
The quokka bites you.
* * * LOW HITPOINT WARNING * * *
HP[-3] MP[+1]
You take 3 damage, and now have 8/17 hp.
The quokka attacks as you move away! The quokka bites you.
* * * LOW HITPOINT WARNING * * *
HP[-3]
You take 3 damage, and now have 5/17 hp.
The quokka attacks as you move away! The quokka misses you.
The quokka bites you.
* * * LOW HITPOINT WARNING * * *
HP[-1]
You take 1 damage, and now have 4/17 hp.
The quokka attacks as you move away! The quokka bites you.
You die...

Skill      XL: |  1 |
---------------+----+-----
Stealth        | 3 |  3.0
Dodging        | |  2.0
Spellcasting   | |  2.1
Conjurations   | |  4.2

Action                   || total
-------------------------++-------
Melee: Unarmed           ||     3
       Constrict         ||     1
       Tentacles         ||     1
       Short sword       ||     1
 Cast: Magic Dart        ||    11
Dodge: Dodged            ||     4

Levels and vault maps discovered:
D:1:      dpeg_arrival_pits, layout_basic,
          hellmonk_ecumenical_altar_watching_god, minmay_crystal_room

Notes
Turn   | Place    | Note
-------+----------+-------------------------------------------
     0 | D:1      | zeratav the Octopode Conjurer began the quest for the Orb.
     0 | D:1      | Reached XP level 1. HP: 11/11 MP: 3/3
     0 | D:1      | magus.rc [v1.9.6]
    11 | D:1      | You pick up a book of Burglary and begin reading...
    11 | D:1      | You add the spells Passwall, Ensorcelled Hibernation and
                  | Swiftness to your library.
   361 | D:1      | Reached skill level 3 in Stealth
   361 | D:1      | Reached XP level 2. HP: 17/17 MP: 0/5
   373 | D:1      | HP: 4/17 [quokka (1)]
   375 | D:1      | Slain by a quokka

Vanquished Creatures
  A giant cockroach (D:1)
  2 hobgoblins (D:1)
  A kobold (D:1)
  A bat (D:1)
  A rat (D:1)
6 creatures vanquished.

Table legend:
 A = Non-vault XP
 B = Vault XP
 C = Vault XP percentage of total XP
 D = Non-vault monster count
 E = Vault monster count
 F = Vault count percentage of total count
                 A         B        C        D         E       F
            +---------+---------+-------+---------+---------+-------
      Total |      10 |       0 |   0.0 |       6 |       0 |   0.0
            +---------+---------+-------+---------+---------+-------
        D:1 |      10 |       0 |   0.0 |       6 |       0 |   0.0
            +---------+---------+-------+---------+---------+-------

Illustrated notes

Table legend:
 A = Kills in this place as a percentage of kills in entire the game.
 B = Kills by you in this place as a percentage of kills by you in the entire game.
 C = Kills by friends in this place as a percentage of kills by friends in the entire game.
 D = Other kills in this place as a percentage of other kills in the entire game.
 E = Experience gained in this place as a percentage of experience gained in the entire game.
 F = Experience gained in this place divided by the number of levels of this place that you have seen.
                   A       B       C       D       E      F
               +-------+-------+-------+-------+-------+----------------------
         Total | 100.0 | 100.0 |   N/A |   N/A | 100.0 |  10.0
       Dungeon | 100.0 | 100.0 |   N/A |   N/A | 100.0 |  10.0
               +-------+-------+-------+-------+-------+----------------------

Table legend: (Time is in decaauts)
 A = Elapsed time spent in this place.
 B = Non-inter-level travel time spent in this place.
 C = Inter-level travel time spent in this place.
 D = Time resting spent in this place.
 E = Time spent auto-exploring this place.
 F = Levels seen in this place.
 G = Mean time per level.
                   A        B        C        D        E       F      G
               +--------+--------+--------+--------+--------+-----+--------+
         Total |    374 |    374 |      0 |     38 |    272 |   1 |  374.0 |
       Dungeon |    374 |    374 |      0 |     38 |    272 |   1 |  374.0 |
               +--------+--------+--------+--------+--------+-----+--------+

Top non-repeatable levels by time:
     D:1: 374 daAuts
